 Dungeon Crawl Stone Soup version 0.17-a0-1637-g5d65775 (webtiles) character file.

691 urechis the Magician (level 7, -6/36 HPs)
             Began as a Gargoyle Wizard on Aug 7, 2015.
             Was an Initiate of Vehumet.
             Mangled by an orc warrior
             ... wielding a +0 war axe
              (22 damage)
             ... on level 6 of the Dungeon.
             The game lasted 00:11:55 (4540 turns).

urechis the Magician (Gargoyle Wizard)              Turns: 4540, Time: 00:11:55

Health: -6/36      AC:  6    Str: 11    XL:     7   Next: 63%
Magic:  2/15       EV: 11    Int: 20    God:    Vehumet [......]
Gold:   242        SH:  0    Dex:  8    Spells: 5 memorised, 7 levels left

rFire  . . .     SeeInvis .     F - +2 dagger (speed)
rCold  . . .     Clarity  .     a - +0 robe
rNeg   + . .     SustAt   .     (no shield)
rPois  ∞         Gourm    .     b - +0 hat
rElec  +         Spirit   .     (no cloak)
rCorr  .         Warding  .     (no gloves)
rMut   .         Stasis   .     (no boots)
MR     +....                    (no amulet)
Stlth  +++.......               y - ring of stealth
                                x - ring of protection from magic

@: very slightly contaminated, somewhat resistant to hostile enchantments,
fairly stealthy
A: negative energy resistance 1, electricity resistance, unbreathing,
petrification resistance, rot immunity, AC +4
a: Renounce Religion


You were on level 6 of the Dungeon.
You worshipped Vehumet.
Vehumet was noncommittal.
You were very hungry.

You visited 2 branches of the dungeon, and saw 7 of its levels.

You collected 242 gold pieces.

Inventory:

Hand weapons
 F - a +2 dagger of speed (weapon)
Armour
 a - a +0 robe (worn)
 b - a +0 hat (worn)
 k - a +1 buckler
Jewellery
 x - a ring of protection from magic (left hand)
 y - a ring of stealth (right hand)
 z - an uncursed ring of fire
Scrolls
 h - a scroll of recharging {unknown}
 i - 2 scrolls of magic mapping {unknown}
 j - a scroll of noise {unknown}
 l - a scroll of enchant armour
 n - 3 scrolls of amnesia {unknown}
 p - a scroll of teleportation {unknown}
 r - a scroll of blinking {unknown}
 t - 2 scrolls of immolation {unknown}
 u - 4 scrolls of remove curse
 v - 3 scrolls of identify {unknown}
 w - a scroll of random uselessness {unknown}
Potions
 e - a potion of heal wounds {unknown}
 f - a potion of flight {unknown}
 g - 2 potions of might {unknown}
 o - a potion of lignification {unknown}
 s - a potion of magic {unknown}
 A - a potion of curing {unknown}
 B - 3 potions of agility {unknown}
 C - a potion of berserk rage {unknown}
 D - 2 potions of brilliance {unknown}
Books
 c - a book of Minor Magic

   Spells                             Type                      Level
   a - Magic Dart                     Conjuration                  1
   b - Blink                          Translocation                2
   c - Call Imp                       Summoning                    2
   d - Repel Missiles                 Charms/Air                   2
   e - Slow                           Hexes                        2
   f - Conjure Flame                  Conjuration/Fire             3
   g - Mephitic Cloud                 Conjuration/Poison/Air       3
Comestibles
 d - 4 bread rations
 m - 3 meat rations
 q - 4 beef jerkies


   Skills:
 - Level 1.5 Dodging
 - Level 2.1 Stealth
 * Level 3.4 Shields
 + Level 5.6 Spellcasting
 + Level 5.6 Conjurations
 - Level 0.8 Summonings
 - Level 0.8 Translocations


You had 7 spell levels left.
You knew the following spells:

 Your Spells              Type           Power        Failure   Level  Hunger
a - Magic Dart            Conj           ####         1%          1    None
b - Mephitic Cloud        Conj/Pois/Air  ##......     17%         3    ##.....
c - Blink                 Tloc           N/A          14%         2    None
d - Call Imp              Summ           #.......     14%         2    None
e - Repel Missiles        Chrm/Air       #.....       21%         2    None


Dungeon Overview and Level Annotations

Branches:
Dungeon (6/15)             Temple (1/1) D:4

Altars:
Ashenzari
Cheibriados
Dithmenos
Elyvilon
Fedhas
Gozag
Makhleb
Nemelex Xobeh
Qazlal
Ru
Sif Muna
Trog
Vehumet
Xom
Yredelemnul
Zin
The Shining One


Innate Abilities, Weirdness & Mutations

You are resistant to torment.
Your stone body is resilient (AC +4).
You are immune to poison.
You resist negative energy.
You are resistant to electric shocks.
You can survive without breathing.
You are immune to petrification.
You are immune to rotting.


Message History

Casting: Magic Dart
Confirm with . or Enter, or press ? or * to list all spells.
Aiming: Mephitic Cloud
Press: ? - help, Shift-Dir - straight line, f/p - orc warrior
Aim: an orc warrior, wielding a war axe and wearing a chain mail (heavily wounded)
You miscast Mephitic Cloud.
You are very lightly contaminated with residual magic.
Nothing appears to happen.
The orc warrior hits you with a war axe!
The orc warrior hits you with a war axe.
You hit the orc warrior but do no damage.
The orc warrior is heavily wounded.
The orc warrior barely misses you.
You completely miss the orc warrior.
The orc warrior is heavily wounded.
You barely miss the orc warrior.
The orc warrior is heavily wounded.
The orc warrior hits you with a war axe!!
Ouch! That really hurt!
You die...

#.#
#............#
#.#
####.##......#
#Z#
#.####....#
#.# #.# #...##
#. #.# ##..#
..# ##)# ###
#o# #o# #@#
###


You could see an orc warrior and an orc.

Vanquished Creatures
  The ghost of Ajdolov the Destroyer, an average TeCj (D:4)
  2 ogres
  4 crimson imps (D:4)
  A jelly (D:5)
  2 orc wizards
  Natasha (thrice) (D:3)
  A worker ant (D:3)
  5 adders
  2 adder skeletons
  2 worms (D:2)
  3 giant geckos
  9 orcs
  8 bats
  A bat zombie (D:1)
  4 giant cockroaches
  7 goblins
  11 hobgoblins
  3 quokkas
  3 ball pythons
  A ball python skeleton (D:4)
  A giant gecko zombie (D:5)
  5 giant newts
  A jackal skeleton (D:4)
  A jackal zombie (D:1)
  3 kobolds (D:2)
  8 rats
92 creatures vanquished.

Notes
Turn   | Place    | Note
--------------------------------------------------------------
     0 | D:1      | urechis the Gargoyle Wizard began the quest for the Orb.
     0 | D:1      | Reached XP level 1. HP: 10/10 MP: 4/4
   381 | D:1      | Reached XP level 2. HP: 12/15 MP: 3/6
   983 | D:2      | Found a faded altar to an unknown god.
  1183 | D:2      | Reached XP level 3. HP: 19/19 MP: 0/8
  1533 | D:2      | Reached XP level 4. HP: 18/24 MP: 0/9
  1670 | D:2      | Found a stormy altar of Qazlal.
  1720 | D:2      | Found a stormy altar of Qazlal.
  2140 | D:3      | Reached skill level 4 in Spellcasting
  2223 | D:3      | Learned a level 3 spell: Mephitic Cloud
  2226 | D:3      | Learned a level 2 spell: Blink
  2229 | D:3      | Learned a level 2 spell: Call Imp
  2232 | D:3      | Learned a level 2 spell: Repel Missiles
  2382 | D:3      | Noticed Natasha
  2395 | D:3      | Killed Natasha
  2395 | D:3      | Reached XP level 5. HP: 14/28 MP: 5/11
  2514 | D:3      | Noticed Natasha
  2530 | D:3      | Killed Natasha
  2846 | D:3      | Noticed Natasha
  2847 | D:3      | Killed Natasha
  3038 | D:4      | Noticed an ogre
  3050 | D:4      | Killed an ogre
  3050 | D:4      | Reached XP level 6. HP: 32/32 MP: 5/13
  3062 | D:4      | Noticed Ajdolov's ghost (average TeCj)
  3221 | D:4      | Found a staircase to the Ecumenical Temple.
  3227 | Temple   | Entered the Ecumenical Temple
  3369 | Temple   | Became a worshipper of Vehumet
  3505 | D:4      | Found a shimmering altar of Xom.
  3540 | D:4      | Reached skill level 5 in Spellcasting
  3646 | D:4      | Reached skill level 5 in Conjurations
  3663 | D:4      | Found a shattered altar of Ashenzari.
  3858 | D:4      | Reached skill level 1 in Shields
  4069 | D:4      | Killed Ajdolov's ghost
  4069 | D:4      | Reached XP level 7. HP: 36/36 MP: 6/15
  4128 | D:5      | Entered Level 5 of the Dungeon
  4465 | D:5      | You fall through a shaft!
  4540 | D:6      | Mangled by an orc warrior

Vault maps used:
D:1:      saegor_arrival_fortress
D:2:      lemuel_coloured_pillars_altar, ecumenical_altar_2,
          serial_park_tiny_pond, grunt_qazlal_clouds
D:3:      uniq_natasha
D:4:      led_xom_imps, minmay_temple_entry_fiery, first_bread,
          ashenzari_altar_1
D:6:      lemuel_zombie_altar_kikubaaqudgha
Temple:   minmay_temple_curvy_14

Action                   |  1- 3 |  4- 6 |  7- 9 || total
-------------------------+-------+-------+-------++-------
Melee: Short sword       |    59 |   115 |     6 ||   180
       Unarmed           |     2 |       |       ||     2
       Dagger            |       |       |    12 ||    12
 Cast: Magic Dart        |    61 |   137 |    31 ||   229
       Mephitic Cloud    |       |     1 |     2 ||     3
  Use: Scroll            |     2 |       |       ||     2
 Stab: Confused          |       |     1 |       ||     1
  Eat: Chunk             |     1 |     8 |     1 ||    10
